 Dungeon Crawl Stone Soup version 0.30.1-9-gdf580d7c3d (webtiles) character file.

Game seed: 18362786243451985235

251 lonewolfV2 the Magician (level 5, -3/35 HPs)
             Began as a Demonspawn Conjurer on Oct 24, 2023.
             Killed by divine providence
             ... invoked by an orc priest
              (15 damage)
             ... on level 4 of the Dungeon.
             The game lasted 00:10:42 (3538 turns).

lonewolfV2 the Magician (Demonspawn Conjurer)       Turns: 3538, Time: 00:10:42

Health: -3/35      AC:  5    Str:  8    XL:     5   Next: 88%
Magic:  7/12       EV: 12    Int: 33    God:
Gold:   171        SH:  0    Dex: 17    Spells: 7/14 levels left

rFire   . . .        (no weapon)
rCold   . . .        (no shield)
rNeg    . . .        e - +0 robe
rPois   .            (no helmet)
rElec   .            m - +2 cloak
rCorr   .            (no gloves)
SInv    .            (no boots)
Will    .....        a - amulet "Toar" {Faith Will- Int+6 Stlth+}
Stlth   +++          f - +6 ring of dexterity
HPRegen 1.25/turn    g - +6 ring of intelligence
MPRegen 0.13/turn

%: faith
@: no status effects
A: claws 1, powered by death 2
a: no special abilities


You were on level 4 of the Dungeon.
You visited 1 branch of the dungeon, and saw 4 of its levels.

You collected 171 gold pieces.

Inventory:

Missiles
 b - 2 silver boomerangs (quivered)
Armour
 e - a +0 robe (worn)
 m - a +2 cloak (worn)
Jewellery
 a - the amulet "Toar" (around neck) {Faith Will- Int+6 Stlth+}
   (You acquired it on level 3 of the Dungeon)

   [amulet of faith]

   It allows you to gain divine favour quickly.
   Int:       It affects your intelligence (+6).
   Will:      It decreases your willpower.
   Stlth:     It makes you more stealthy.
 f - a +6 ring of dexterity (left claw)
 g - a +6 ring of intelligence (right claw)
 h - a ring of flight
Scrolls
 d - 2 scrolls of identify {unknown}
 p - a scroll of enchant armour {unknown}
Potions
 c - a potion of cancellation
 i - 2 potions of haste
 j - a potion of lignification {unknown}
 k - a potion of might {unknown}
 l - a potion of berserk rage {unknown}


   Skills:
 - Level 1.7 Dodging
 - Level 1.7 Stealth
 - Level 5.4 Spellcasting
 + Level 4.5 Conjurations


You had 7 spell levels left.
You knew the following spells:

 Your Spells              Type           Power      Damage    Failure   Level
a - Magic Dart            Conj           100%       1d8       1%          1
b - Searing Ray           Conj           76%        2d7       1%          2
c - Iskenderun's Mystic   Conj/Tloc      23%        2d6       19%         4

Your spell library contained the following spells:

 Spells                   Type           Power      Damage    Failure   Level
 Dazzling Flash           Conj/Hex       46%        N/A       5%          3
 Fulminant Prism          Conj/Hex       11%        3d9       19%         4


Dungeon Overview and Level Annotations

Branches:
Dungeon (4/15)
 Temple: D:4-7

Altars:
Cheibriados
Dithmenos
Gozag
Qazlal
Trog
Uskayaw

Annotations:
D:4 Natasha


Innate Abilities, Weirdness & Mutations

You have sharp fingernails.
You regenerate health from kills.


Message History

The mystic blast hits something!
The mystic blast hits the adder!
You kill the adder!
You hear a shout!
You hear an angry hiss.
The orc priest miscasts a cantrip.
Your magical contamination has completely faded away.
Casting: Iskenderun's Mystic Blast (extremely dangerous; 19% risk of failure)
Confirm with . or Enter, or press ? or * to list all spells.
Aiming: Magic Dart (safe; 1% risk of failure)
Press: ? - help, Shift-Dir - straight line, f - hobgoblin
Aim: a hobgoblin (100% to hit)
The magic dart hits the hobgoblin.
The hobgoblin is heavily wounded.
The orc priest mumbles some strange prayers to Beogh against you.
Beogh smites you!
Casting: Magic Dart (safe; 1% risk of failure)
Confirm with . or Enter, or press ? or * to list all spells.
Aiming: Magic Dart (safe; 1% risk of failure)
Press: ? - help, Shift-Dir - straight line, f/p - hobgoblin
Aim: a hobgoblin (heavily wounded, 100% to hit)
The magic dart hits the hobgoblin.
You kill the hobgoblin!
The orc priest begins to cast a cantrip, but forgets the words!
You feel better.
You hear some strange, mumbled words.
A puff of flame appears from out of thin air!
The puff of flame misses you.
The orc priest mumbles some strange prayers to Beogh against you.
Beogh smites you!
It was a potion of haste.
You feel yourself speed up.
It was a potion of cancellation.
Your magical effects are unravelling.
You feel magically purged.
You feel yourself slow down. Something hits you but does no damage.
The orc priest invokes the aid of Beogh against you.
Beogh smites you!
* * * LOW HITPOINT WARNING * * *
The orc priest invokes the aid of Beogh against you.
Beogh smites you!
You die...

#..#.#####.♣♣P.hZ
#...#### #.♣ ###....# #.♣
#. #..##.# #.♣♣ ..o
....###.###..♣♣♣♣♣♣♣#....
..#...
#..##.............. #...
##..........o...... #....
###.....o...# ......
###.@...o## ......
#....### #.##.# #.##...
..>...... ............
.........#..[
#...........##
#............


You could see 3 orc priests.

Vanquished Creatures
  An orc wizard (D:2)
  Robin (D:2)
  4 gnolls (D:2)
  8 adders
  An ufetubus (D:4)
  A worm (D:2)
  A dart slug (D:4)
  4 orcs
  12 ball pythons
  4 endoplasms (D:1)
  3 giant cockroaches
  12 goblins
  4 hobgoblins
  3 quokkas
  3 bats
  2 frilled lizards
  6 kobolds
  5 rats
75 creatures vanquished.

Vanquished Creatures (others)
  An orc wizard (D:2)
1 creature vanquished.

Grand Total: 76 creatures vanquished

Notes
Turn   | Place    | Note
-------+----------+-------------------------------------------
     0 | D:1      | lonewolfV2 the Demonspawn Conjurer began the quest for the
                  | Orb.
     0 | D:1      | Reached XP level 1. HP: 13/13 MP: 3/3
   474 | D:1      | Gained mutation: You regenerate a little health from kills.
                  | [demonic ancestry]
   474 | D:1      | Reached XP level 2. HP: 19/19 MP: 1/5
   570 | D:1      | Learned a level 2 spell: Searing Ray
   639 | D:1      | Found a faded altar of an unknown god.
   713 | D:1      | Reached skill level 3 in Spellcasting
  1302 | D:2      | Gained mutation: You have sharp fingernails. [demonic
                  | ancestry]
  1302 | D:2      | Reached XP level 3. HP: 24/24 MP: 1/7
  1781 | D:2      | HP: 1/24 [something/puff of flame (7)]
  1784 | D:2      | Noticed Robin
  1785 | D:2      | Reached skill level 4 in Spellcasting
  1785 | D:2      | Reached XP level 4. HP: 15/30 MP: 5/10
  1792 | D:2      | Killed Robin
  2061 | D:2      | Gained mutation: You regenerate health from kills. [demonic
                  | ancestry]
  2061 | D:2      | Reached XP level 5. HP: 35/35 MP: 9/12
  2217 | D:2      | Reached skill level 5 in Spellcasting
  3096 | D:3      | Found a snail-covered altar of Cheibriados.
  3105 | D:3      | Found an opulent altar of Gozag.
  3111 | D:3      | Found a hide-covered altar of Uskayaw.
  3120 | D:3      | Found a stormy altar of Qazlal.
  3129 | D:3      | Found a shadowy altar of Dithmenos.
  3145 | D:3      | Found a bloodstained altar of Trog.
  3294 | D:3      | Identified a scroll of acquirement
  3294 | D:3      | Acquired the amulet "Toar" {Faith Will- Int+6 Stlth+}
  3410 | D:4      | Noticed Natasha
  3479 | D:4      | Learned a level 4 spell: Iskenderun's Mystic Blast
  3538 | D:4      | Killed from afar by an orc priest

Illustrated notes

Levels and vault maps discovered:
D:1:      saegor_arrival_simple_c, layout_basic,
          shapermc_ecumenical_altar_acropolis, serial_glass, glass_columns_b,
          glass_columns_b, glass_columns_c
D:2:      layout_basic, skrybe_limestone_x, uniq_robin
D:3:      layout_rooms, grunt_temple_overflow_octagram
D:4:      layout_rooms, led_sif_book, kennysheep_flooded_box,
          dilly_guarded_unrand_morg, uniq_ijyb, uniq_edmund

Skill      XL: |  1  2  3  4  5 |
---------------+----------------+-----
Spellcasting   | 3 4 5 |  5.4
Dodging        | |  1.7
Stealth        | |  1.7
Conjurations   | |  4.5

Action                     |  1- 3 |  4- 6 || total
---------------------------+-------+-------++-------
  Melee: Unarmed           |       |     1 ||     1
   Cast: Magic Dart        |    48 |    78 ||   126
         Searing Ray       |     5 |     5 ||    10
         Iskenderun's Myst |       |     2 ||     2
    Use: Scroll            |     2 |     4 ||     6
         Potion            |     2 |     6 ||     8
 Armour: Robe              |     6 |     8 ||    14
  Dodge: Dodged            |     8 |    12 ||    20
